 Dungeon Crawl Stone Soup version 0.27.1-1-g398f81649c (webtiles) character file.

Game seed: 11874378082861776420

140 ZARRMARR the Conjurer (level 5, -8/36 HPs)
             Began as an Octopode Conjurer on Sept 13, 2021.
             Mangled by a wyvern zombie (14 damage)
             ... on level 5 of the Dungeon.
             The game lasted 00:05:26 (2564 turns).

ZARRMARR the Conjurer (Octopode Conjurer)           Turns: 2564, Time: 00:05:27

Health: -8/36      AC:  1    Str:  6    XL:     5   Next: 22%
Magic:  7/8        EV: 14    Int: 21    God:
Gold:   170        SH:  0    Dex: 11    Spells: 7/8 levels left

rFire    . . .     SeeInvis .   h - +0 dagger (vamp)
rCold    + . .     Faith    .   (no shield)
rNeg     . . .     Spirit   .   (helmet restricted)
rPois    .         Reflect  .   a - amulet of magic regeneration
rElec    .         Harm     .   c - ring of protection from cold
rCorr    .         Rampage  .   (no ring)
Will     .....                  (no ring)
Stlth    +++.......             (no ring)
HPRegen  0.12/turn              (no ring)
MPRegen  0.36/turn              (no ring)
                                (no ring)
                                (no ring)

@: mighty
A: almost no armour, amphibious, 8 rings, camouflage 1, gelatinous body 1,
(nimble swimmer 1), tentacles
a: no special abilities


You were on level 5 of the Dungeon.
You visited 1 branch of the dungeon, and saw 5 of its levels.

You collected 170 gold pieces.

Inventory:

Hand Weapons
 h - a +0 vampiric dagger (weapon)
Jewellery
 a - an amulet of magic regeneration (around mantle)
 c - a ring of protection from cold (left tentacle)
Scrolls
 e - a scroll of magic mapping
 i - a scroll of enchant armour
 j - a scroll of immolation {unknown}
 k - a scroll of fog {unknown}
Potions
 b - a potion of might
 d - 2 potions of curing {unknown}
 f - a potion of flight {unknown}
 g - a potion of cancellation {unknown}


   Skills:
 + Level 3.2 Fighting
 + Level 3.9 Dodging
 - Level 2.6 Stealth
 - Level 2.0 Spellcasting
 - Level 4.0 Conjurations


You had 7 spell levels left.
You knew the following spells:

 Your Spells              Type           Power      Damage    Failure   Level
a - Magic Dart            Conj           72%        1d6       2%          1

Your spell library contained the following spells:

 Spells                   Type           Power      Damage    Failure   Level
 Searing Ray              Conj           36%        3d4       4%          2
 Dazzling Flash           Conj/Hex       20%        N/A       19%         3
 Frozen Ramparts          Ice            4%         1d2       41%         3
 Fulminant Prism          Conj/Hex       5%         3d7       54%         4
 Iskenderun's Mystic Bla  Conj/Tloc      10%        2d4       54%         4
 Ice Form                 Ice/Tmut       2%         N/A       82%         4
 Summon Ice Beast         Ice/Summ       2%         N/A       82%         4
 Freezing Cloud           Conj/Ice/Air   3%         6-21      94%         5
 Simulacrum               Ice/Necr       1%         N/A       100%        6
 Polar Vortex             Ice            1%         N/A       100%        9


Dungeon Overview and Level Annotations

Branches:
Dungeon (4/15)
 Temple: D:4-7

Altars:
Makhleb

Annotations:
D:1 exclusion: downstairs
D:3 exclusions: orc and orc priest


Innate Abilities, Weirdness & Mutations

You cannot wear most types of armour.
You are amphibious.
You can wear up to eight rings at the same time.
Your skin changes colour to match your surroundings (Stealth+).
Your rubbery body absorbs attacks. (AC +1, EV +1)
((You are camouflaged near water. (Stealth+)))
You have tentacles for arms and can constrict up to eight enemies at once.


Message History

You miss the ufetubus. Your grab misses the ufetubus.
The ufetubus is almost dead.
The ufetubus closely misses you. The ufetubus barely misses you.
You miss the ufetubus. You grab the ufetubus. You squeeze the ufetubus.
You kill the ufetubus!
Magic restored.
A wyvern zombie is nearby!
The magic dart hits the wyvern zombie.
The wyvern zombie is lightly damaged.
The magic dart hits the wyvern zombie.
The wyvern zombie is lightly damaged.
The magic dart hits the wyvern zombie.
The wyvern zombie is lightly damaged.
You miscast Magic Dart.
You are very lightly contaminated with residual magic.
Nothing appears to happen.
The magic dart hits the wyvern zombie.
The wyvern zombie is lightly damaged.
Unknown command.
You hit the wyvern zombie. You squeeze the wyvern zombie!
The wyvern zombie is moderately damaged.
The wyvern zombie closely misses you. The wyvern zombie barely misses you.
You barely miss the wyvern zombie.
The wyvern zombie is moderately damaged.
The wyvern zombie barely misses you.
You hit the wyvern zombie but do no damage.
The wyvern zombie is moderately damaged.
The wyvern zombie misses you.
You hit the wyvern zombie.
The wyvern zombie is heavily damaged.
The wyvern zombie bites you!
You barely miss the wyvern zombie.
You squeeze the wyvern zombie, but do no damage.
The wyvern zombie is heavily damaged.
The wyvern zombie bites you! x2
* * * LOW HITPOINT WARNING * * *
Your magical contamination has completely faded away.
You feel very mighty all of a sudden. The wyvern zombie bites you!
You die...

#...........
#...........
#...........
#...........
#...........
#...........
###....Z(.....
#.....@.......
#.............
#.............
#.............
#...##########
#...# #...#
#...# #####


You could see a wyvern zombie.

Vanquished Creatures
  A jelly (D:5)
  3 gnolls (D:2)
  3 adders
  An ufetubus (D:5)
  A dart slug (D:4)
  An orc (D:3)
  3 endoplasms
  3 giant cockroaches
  6 goblins
  4 hobgoblins
  4 jackals
  3 kobolds
  5 ball pythons
  4 bats
  A frilled lizard (D:1)
  A rat (D:3)
44 creatures vanquished.

Notes
Turn   | Place    | Note
-------+----------+-------------------------------------------
     0 | D:1      | ZARRMARR the Octopode Conjurer began the quest for the Orb.
     0 | D:1      | Reached XP level 1. HP: 11/11 MP: 3/3
     7 | D:1      | Found a faded altar of an unknown god.
   205 | D:1      | Reached skill level 1 in Fighting
   205 | D:1      | Reached XP level 2. HP: 18/18 MP: 3/5
   844 | D:2      | Reached XP level 3. HP: 24/24 MP: 2/6
   929 | D:2      | Reached XP level 4. HP: 11/30 MP: 7/7
  1631 | D:2      | Found a burning altar of Makhleb.
  2519 | D:4      | You fall into a shaft and drop 1 floor!
  2519 | D:5      | Entered Level 5 of the Dungeon
  2531 | D:5      | Reached XP level 5. HP: 36/36 MP: 3/8
  2564 | D:5      | Mangled by a wyvern zombie

Illustrated notes

Levels and vault maps discovered:
D:1:      wander_arrival_peaceful_grave, layout_basic,
          ebering_ecumenical_altar_sacrificial, minivault_24
D:2:      layout_loops_cross, basic_altar
D:3:      layout_rooms, st_stairs_8, roderic_serpentine_path
D:4:      layout_basic, gammafunk_temple_overflow_statue
D:5:      layout_basic, lemuel_crystal_altar, uniq_pikel

Skill      XL: |  1  2  3  4 |
---------------+-------------+-----
Fighting       | 1 2 3 |  3.2
Dodging        | 3 |  3.9
Stealth        | |  2.6
Spellcasting   | |  2.0
Conjurations   | |  4.0

Action                   |  1- 3 |  4- 6 || total
-------------------------+-------+-------++-------
Melee: Unarmed           |    21 |     7 ||    28
       Tentacles         |     4 |     4 ||     8
       Constrict         |     3 |     5 ||     8
       Dagger            |       |    31 ||    31
 Cast: Magic Dart        |    36 |    36 ||    72
  Use: Scroll            |       |     3 ||     3
       Potion            |       |     1 ||     1
 Stab: Sleeping          |       |     2 ||     2
Armor: Skin              |     1 |     2 ||     3
Dodge: Dodged            |    11 |    33 ||    44
